 Dungeon Crawl Stone Soup version 0.29-a0-334-gb41bcbb86e (webtiles) character file.

Game seed: 1888590607616047307

2 spaghetti the Sneak (level 1, 0/16 HPs)
             Began as an Octopode Delver on Apr 14, 2022.
             Slain by an orc priest
             ... wielding a +0 hand axe
              (4 damage)
             ... on level 4 of the Dungeon.
             The game lasted 00:00:35 (56 turns).

spaghetti the Sneak (Octopode Delver)                 Turns: 56, Time: 00:00:36

Health: 0/16       AC:  1    Str: 11    XL:     1   Next: 30%
Magic:  1/1        EV: 13    Int: 12    God:
Gold:   0          SH:  0    Dex: 13    Spells: 0/0 levels left

rFire   . . .      SeeInvis .   a - +0 falchion {long}
rCold   . . .      Faith    .   (no shield)
rNeg    . . .      Spirit   .   (helmet restricted)
rPois   +          Reflect  .   (no amulet)
rElec   .          Harm     .   k - ring of poison resistance
rCorr   .          Rampage  .   (no ring)
Will    .....                   (no ring)
Stlth   ++++......              (no ring)
HPRegen 0.05/turn               (no ring)
MPRegen 0.07/turn               (no ring)
                                (no ring)
                                (no ring)

@: no status effects
A: almost no armour, amphibious, 8 rings, camouflage 1, gelatinous body 1,
(nimble swimmer 1), tentacles
a: no special abilities


You were on level 4 of the Dungeon.
You visited 1 branch of the dungeon, and saw 2 of its levels.


Innate Abilities, Weirdness & Mutations

You cannot wear most types of armour.
You are amphibious.
You can wear up to eight rings at the same time.
Your skin changes colour to match your surroundings (Stealth+).
Your rubbery body absorbs attacks. (AC +1, EV +1)
((You are camouflaged when in or above water. (Stealth+)))
You have tentacles for arms and can constrict up to eight enemies at once.


   Skills:
 - Level 3.0 Fighting
 - Level 2.0 Long Blades
 + Level 2.2 Dodging
 - Level 6.6 Stealth


You couldn't memorise any spells.
You didn't know any spells.
Your spell library was empty.

Inventory:

Hand Weapons
 a - a +0 falchion (weapon) {long}
Missiles
 g - 6 javelins (quivered) {throwing}
 i - 24 stones {throwing}
Jewellery
 k - a ring of poison resistance (left tentacle)
   (You found it on level 5 of the Dungeon)
Wands
 f - a wand of digging (3)
Scrolls
 b - a scroll of fog
 c - a scroll of magic mapping {!r}
 d - a scroll of fear
Potions
 e - a potion of haste {@q3}
 j - 2 potions of lignification {unknown}

Dungeon Overview and Level Annotations

Branches:
Dungeon (5/15)
 Temple: D:4-7

Altars:

######+ ######.......
#####............
#######......).........
#..............).......
.#..........###o@....#..
............# #...$..#
#...........#...........
......)..o..#...........
.............###########
.#...........#
.............#
.............#
........##...#


You could see an orc priest.


Message History

Options error: Delay interrupt name "hungry" not recognised. (~/.crawlrc:4761) Options error: Bad monster_list_colour key: strict_neutral (~/.crawlrc:4776) ✅ Successfully initialized magus.rc [v1.9.6] Welcome, spaghetti the Octopode Delver.
Are you destined to find the fabled Orb of Zot, or to die trying?
Press ? for a list of commands and other information.
Found 6 javelins, a sedimented purple potion and 24 stones.
Found an escape hatch in the ceiling.
Found a stone staircase leading down.
g - 6 javelins {throwing}
h - a sedimented purple potion
i - 24 stones {throwing}
j - 2 metallic yellow potions A jelly comes into view.
A jelly is nearby!
A jelly is nearby!
A jelly is nearby!
You see here 6 boomerangs {throwing}.
You see here a ring of poison resistance.
k - a ring of poison resistance
There is an escape hatch in the ceiling here.
A mysterious force pulls you upwards. The hatch slams shut behind you.
The kobold shouts!
You hear a shout!
Unknown command.
Unknown command.
k - a ring of poison resistance (left tentacle)
You barely miss the kobold. You grab the kobold. You constrict the kobold.
You kill the kobold!
An orc priest comes into view. It is wielding a +0 hand axe.
You see here a +0 short sword {short}.
Unknown command.
An orc priest is nearby!
A goblin comes into view. It is wielding a +0 dagger.
You see here a +0 hand crossbow {crossbow}.
The goblin shouts!
The goblin misses you.
The goblin hits you with a +0 dagger. 😮 HP[-4]
You take 4 damage, and now have 12/16 hp.
MASSIVE DAMAGE!! (PAUSE)
You slash the goblin!
You kill the goblin!
You see here a +0 dagger {short}.
The orc priest calls down the wrath of Beogh upon you.
Pain shoots through your body!
Ouch! That really hurt!
* * * LOW HITPOINT WARNING * * *
😱 HP[-8]
You take 8 damage, and now have 4/16 hp.
MASSIVE DAMAGE!! (PAUSE) Unknown command.
It was a potion of ambrosia.
You are confused.
You feel invigorated. 😨 HP[+4]
You regained 4 hp, and now have 8/16 hp.
Unknown command.
You miss the orc priest.
The orc priest casts a cantrip, but nothing happens.
The orc priest hits you with a +0 hand axe.
* * * LOW HITPOINT WARNING * * *
You barely miss the orc priest. Your squeeze misses the orc priest.
The orc priest barely misses you. 😕 HP[+6]
You regained 6 hp, and now have 14/16 hp. 😎 HP[+2]
Your hp is fully restored (16).
Unknown command.
You hit the orc priest. Your squeeze misses the orc priest.
The orc priest invokes the aid of Beogh against you.
Beogh smites you!
Ouch! That really hurt!
* * * LOW HITPOINT WARNING * * *
😱 HP[-13]
You take 13 damage, and now have 3/16 hp.
MASSIVE DAMAGE!! (PAUSE) Unknown command.
Unknown command.
You hit the orc priest. You squeeze the orc priest.
The orc priest looks braver for a moment. 😨 HP[+5]
You regained 5 hp, and now have 8/16 hp.
Unknown command.
Unknown command.
Unknown command.
You completely miss the orc priest.
You feel less invigorated.
You feel less confused.
The orc priest hits you with a +0 hand axe. 😮 HP[+1] Unknown command.
You barely miss the orc priest. Your grab misses the orc priest.
The orc priest hits you with a +0 hand axe.
* * * LOW HITPOINT WARNING * * *
The orc priest casts a cantrip, but nothing happens. 😱 HP[-5]
You take 5 damage, and now have 4/16 hp.
MASSIVE DAMAGE!! (PAUSE) Unknown command.
You barely miss the orc priest. Your grab misses the orc priest.
The orc priest hits you with a +0 hand axe.
You die...

Action                   || total
-------------------------++-------
Melee: Falchion          ||     9
       Constrict         ||     1
       Tentacles         ||     1
  Use: Potion            ||     1
Dodge: Dodged            ||     2

Levels and vault maps discovered:
D:4:      wad_pebble_path, layout_basic, kennysheep_generic_room_16
D:5:      layout_basic, cheibrodos_sewer_entry_sluice

Notes
Turn   | Place    | Note
-------+----------+-------------------------------------------
     0 | D:5      | spaghetti the Octopode Delver began the quest for the Orb.
     0 | D:5      | Reached XP level 1. HP: 16/16 MP: 1/1
     0 | D:5      | magus.rc [v1.9.6]
    18 | D:5      | Noticed a jelly
    33 | D:4      | Noticed an orc priest
    47 | D:4      | HP: 4/16 [orc priest/nerve-wracking pain (8)]
    52 | D:4      | HP: 3/16 [orc priest/divine providence (13)]
    56 | D:4      | Slain by an orc priest

Vanquished Creatures
  A goblin (D:4)
  A kobold (D:4)
2 creatures vanquished.

Table legend:
 A = Non-vault XP
 B = Vault XP
 C = Vault XP percentage of total XP
 D = Non-vault monster count
 E = Vault monster count
 F = Vault count percentage of total count
                 A         B        C        D         E       F
            +---------+---------+-------+---------+---------+-------
      Total |       3 |       0 |   0.0 |       2 |       0 |   0.0
            +---------+---------+-------+---------+---------+-------
        D:4 |       3 |       0 |   0.0 |       2 |       0 |   0.0
            +---------+---------+-------+---------+---------+-------

Illustrated notes

Table legend:
 A = Kills in this place as a percentage of kills in entire the game.
 B = Kills by you in this place as a percentage of kills by you in the entire game.
 C = Kills by friends in this place as a percentage of kills by friends in the entire game.
 D = Other kills in this place as a percentage of other kills in the entire game.
 E = Experience gained in this place as a percentage of experience gained in the entire game.
 F = Experience gained in this place divided by the number of levels of this place that you have seen.
                   A       B       C       D       E      F
               +-------+-------+-------+-------+-------+----------------------
         Total | 100.0 | 100.0 |   N/A |   N/A | 100.0 |   1.5
       Dungeon | 100.0 | 100.0 |   N/A |   N/A | 100.0 |   1.5
               +-------+-------+-------+-------+-------+----------------------

Table legend: (Time is in decaauts)
 A = Elapsed time spent in this place.
 B = Non-inter-level travel time spent in this place.
 C = Inter-level travel time spent in this place.
 D = Time resting spent in this place.
 E = Time spent auto-exploring this place.
 F = Levels seen in this place.
 G = Mean time per level.
                   A        B        C        D        E       F      G
               +--------+--------+--------+--------+--------+-----+--------+
         Total |     56 |     56 |      0 |      0 |     16 |   2 |   28.0 |
       Dungeon |     56 |     56 |      0 |      0 |     16 |   2 |   28.0 |
               +--------+--------+--------+--------+--------+-----+--------+

Top non-repeatable levels by time:
     D:5: 31 daAuts
     D:4: 25 daAuts
